Map: 트라이튼 - 래더

Players

Hurricane

  • Race: Protoss Protoss
  • Spawn Location: 5:00

Cure - Winner!

  • Race: Terran Terran
  • Spawn Location: 11:00

Event: IEM Katowice 2020

VOD

Have the link to the VOD?

Description

Time

  • Played on: Feb. 28, 2020, 9:42 a.m.
  • Length: 9:18

All games in this series

Show
View Real Time Build Order
Export as new Build Order

Hurricane Protoss 

Build Orders: 1 Gate Expand, Oracle Opening 

Get SALT Encoding   

  12  0:00  Probe  
  13  0:12  Probe  
  14  0:17  Pylon  
  14  0:25  Probe (Chrono Boost)  
  15  0:36  Gateway  
  15  0:37  Probe (Chrono Boost)  
  16  0:45  Probe (Chrono Boost)  
  16  0:47  Assimilator  
  17  0:51  Probe  
  18  1:03  Probe  
  19  1:15  Probe  
  20  1:23  Nexus  
  20  1:32  Cybernetics Core  
  20  1:36  Probe  
  21  1:43  Assimilator  
  21  1:48  Probe  
  21  1:53  Pylon  
  22  2:00  Probe  
  23  2:09  Adept (Chrono Boost)  
  23  2:12  Probe  
  26  2:18  Stargate  
  26  2:24  Probe  
  26  2:27  Warp Gate  
  26  2:29  Adept (Chrono Boost)  
  29  2:37  Probe  
  29  2:39  Probe  
  31  2:49  Probe (Chrono Boost)  
  32  2:53  Adept  
  32  2:56  Probe (Chrono Boost)  
  35  3:01  Probe (Chrono Boost)  
  35  3:03  Oracle  
  40  3:07  Probe (Chrono Boost)  
  40  3:10  Probe  
  41  3:16  Probe  
  42  3:22  Probe  
  42  3:24  Gateway  
  42  3:26  Gateway  
  41  3:29  Probe  
  42  3:34  Probe  
  42  3:35  Pylon  
  44  3:42  Stalker  
  44  3:46  Probe  
  45  3:50  Oracle (Chrono Boost)  
  48  3:56  Pylon  
  48  3:59  Probe x2  
  50  4:11  Probe x2  
  52  4:19  Stalker  
  52  4:20  Phoenix  
  52  4:21  Stalker  
  58  4:25  Nexus  
  58  4:30  Probe x2  
  57  4:42  Probe x2  
  58  4:47  Twilight Council  
  58  4:50  Adept, Forge  
  60  4:54  Probe x2  
  60  4:59  Assimilator x2  
  62  5:10  Blink (Chrono Boost)  
  62  5:11  Pylon x2  
  62  5:13  Pylon  
  62  5:20  Probe (Chrono Boost)  
  61  5:23  Probe (Chrono Boost)  
  61  5:25  Protoss Ground Weapons Level 1 (Chrono Boost)  
  62  5:32  Probe (Chrono Boost)  
  62  5:35  Probe (Chrono Boost)  
  64  5:37  Stalker x2  
  64  5:39  Probe (Chrono Boost)  
  64  5:40  Probe (Chrono Boost)  
  67  5:43  Probe (Chrono Boost)  
  66  5:50  Probe (Chrono Boost)  
  66  5:54  Probe x2 (Chrono Boost)  
  67  6:00  Probe (Chrono Boost)  
  67  6:01  Probe (Chrono Boost)  
  67  6:02  Probe (Chrono Boost), Sentry x2  
  74  6:08  Probe  
  74  6:09  Stalker  
  74  6:10  Probe  
  78  6:13  Probe  
  79  6:20  Probe  
  79  6:22  Probe  
  79  6:25  Probe  
  82  6:32  Probe, Robotics Facility  
  83  6:34  Probe, Gateway  
  83  6:36  Gateway  
  83  6:37  Probe  
  83  6:39  Gateway  
  85  6:44  Probe  
  85  6:45  Stalker x3  
  85  6:46  Probe  
  93  6:49  Probe  
  93  6:52  Charge  
  93  6:53  Pylon  
  94  6:56  Probe  
  94  6:59  Probe  
  96  7:01  Probe  
  96  7:07  Gateway  
  96  7:08  Gateway  
  97  7:12  Pylon  
  95  7:17  Immortal (Chrono Boost)  
  99  7:24  Assimilator x2  
  99  7:28  Templar Archives  
  99  7:29  Pylon  
  99  7:30  Pylon  
  99  7:33  Stalker x2  
  99  7:34  Stalker  
  103  7:37  Zealot x2  
  103  7:43  Pylon  
  103  7:44  Zealot  
  109  7:56  Stalker  
  105  8:01  Sentry, Stalker x2  
  105  8:02  Zealot x3  
  117  8:06  Warp Prism (Chrono Boost)  
  104  8:21  Zealot x2  
  104  8:22  Zealot x3  
  104  8:26  Zealot x3  
  91  8:39  Immortal (Chrono Boost)  
  83  8:42  Stalker x2  
  83  8:44  Zealot x3  
  91  8:50  Zealot x2  
  91  8:51  Zealot x2  
  70  9:05  Stalker x4  
  77  9:12  Zealot  
  77  9:13  Zealot  
Show
View Real Time Build Order
Export as new Build Order

Cure Terran - Winner!

Build Orders: Gas First Reaper Expand 

Get SALT Encoding   

  12  0:01  SCV  
  13  0:13  SCV  
  14  0:17  Supply Depot  
  14  0:25  SCV  
  14  0:27  Refinery  
  15  0:38  SCV  
  16  0:43  Barracks  
  16  0:50  SCV  
  17  1:03  SCV  
  18  1:15  SCV  
  19  1:30  Reaper, Orbital Command  
  20  1:41  Command Center  
  20  1:52  Factory  
  20  1:56  SCV  
  21  2:05  Barracks Reactor  
  21  2:08  SCV  
  22  2:13  Supply Depot  
  22  2:15  Refinery  
  22  2:20  SCV  
  23  2:34  SCV  
  24  2:40  Hellion  
  24  2:41  Marine x2  
  28  2:45  Starport  
  28  2:47  SCV  
  29  2:59  SCV  
  29  3:02  Marine x2  
  29  3:03  Hellion  
  34  3:08  Orbital Command  
  34  3:13  SCV  
  35  3:21  Marine x2  
  35  3:22  Medivac  
  35  3:26  SCV  
  40  3:28  Hellion  
  42  3:34  Supply Depot  
  42  3:35  SCV  
  42  3:38  SCV  
  42  3:40  Marine  
  45  3:44  Marine  
  46  3:50  Supply Depot  
  46  3:53  SCV x2  
  46  3:56  Factory Tech Lab  
  46  4:02  Marine x2  
  48  4:05  SCV, Viking  
  48  4:07  SCV  
  51  4:15  Cyclone  
  52  4:17  SCV  
  52  4:19  SCV, Marine  
  52  4:20  Marine  
  52  4:23  Supply Depot  
  56  4:30  SCV  
  57  4:31  SCV  
  56  4:42  SCV  
  56  4:43  SCV  
  56  4:45  Marine x2, Command Center  
  58  4:50  Cyclone  
  61  4:54  SCV  
  61  4:55  SCV  
  63  5:00  Barracks  
  63  5:02  Barracks  
  63  5:06  Marine x2, SCV  
  63  5:08  SCV  
  63  5:09  Starport Tech Lab  
  64  5:15  Supply Depot  
  64  5:18  SCV  
  64  5:20  SCV  
  64  5:26  Refinery  
  64  5:28  Engineering Bay  
  64  5:29  Refinery, Engineering Bay  
  64  5:31  SCV  
  64  5:32  SCV, Marine x2  
  68  5:38  Starport Reactor  
  68  5:40  Factory Reactor  
  65  5:43  SCV  
  65  5:44  SCV  
  65  5:50  Barracks  
  65  5:52  Barracks  
  65  5:54  Stimpack  
  65  5:55  SCV, Marauder  
  65  5:56  SCV, Marine x2, Marauder  
  73  6:00  Orbital Command  
  73  6:03  Terran Infantry Weapons Level 1  
  73  6:05  Terran Infantry Armor Level 1  
  73  6:07  SCV  
  73  6:10  Missile Turret  
  74  6:13  Combat Shield  
  74  6:14  SCV  
  74  6:18  Marauder x2  
  79  6:19  SCV, Marine  
  79  6:21  Marine  
  79  6:25  Orbital Command  
  82  6:27  Medivac x2  
  82  6:31  Widow Mine x2  
  90  6:33  Missile Turret  
  90  6:35  SCV  
  90  6:36  SCV  
  90  6:38  Barracks Tech Lab  
  90  6:39  Barracks Reactor  
  92  6:42  Marauder  
  92  6:47  Supply Depot  
  93  6:49  Marine x2, Supply Depot  
  93  6:50  Marauder  
  93  6:52  SCV x2  
  99  6:58  SCV  
  99  6:59  Missile Turret  
  99  7:00  Concussive Shells  
  100  7:08  Medivac, Widow Mine x2  
  106  7:09  Marauder  
  106  7:11  Marauder  
  109  7:19  Marauder  
  109  7:20  Marine x4, Supply Depot  
  109  7:21  Supply Depot  
  115  7:26  Armory  
  115  7:29  SCV  
  116  7:30  SCV  
  117  7:37  Refinery  
  117  7:38  Refinery  
  117  7:41  Marine, SCV, Marauder x2  
  117  7:42  Supply Depot  
  123  7:44  Supply Depot  
  123  7:47  Marine x3  
  123  7:48  Marauder  
  123  7:49  Widow Mine  
  128  7:52  Medivac  
  130  7:59  Marine, Widow Mine  
  130  8:04  Medivac, Marauder x2  
  139  8:07  Supply Depot  
  139  8:08  Supply Depot  
  139  8:11  Marine x3, Marauder  
  142  8:15  SCV x3  
  142  8:17  Marine  
  140  8:20  Widow Mine  
  140  8:21  Widow Mine  
  140  8:22  Medivac  
  143  8:32  Marine x3, Marauder x2  
  143  8:33  Marauder  
  148  8:34  Marine  
  148  8:40  SCV x2  
  142  8:43  SCV  
  142  8:50  Widow Mine x2  
  142  8:57  Marine x4, Marauder x2  

Tags
 
Add a new tag
Caveats
  • Supply blocks, unpowered buildings, or Contaminate may cause inaccurate times.
  • Supply counts are checked every 10 seconds.